 Dungeon Crawl Stone Soup version 0.27.1-3-gb3d3a73c9e (webtiles) character file.

Game seed: 10456602744276499779

469 Iepvzaeh the Shield-Bearer (level 6, 0/53 HPs)
             Began as a Minotaur Fighter on Oct 31, 2021.
             Was a Believer of Cheibriados.
             Succumbed to a water moccasin's poison
             ... on level 7 of the Dungeon.
             The game lasted 00:23:09 (2128 turns).

Iepvzaeh the Shield-Bearer (Minotaur Fighter)       Turns: 2128, Time: 00:23:09

Health: 0/53       AC:  8    Str: 25    XL:     6   Next: 82%
Magic:  2/5        EV:  8    Int:  9    God:    Cheibriados [**....]
Gold:   115        SH: 11    Dex: 15    Spells: 5/5 levels left

rFire    . . .     SeeInvis .   a - +0 war axe
rCold    . . .     Faith    .   c - +0 kite shield
rNeg     . . .     Spirit   .   i - +0 scale mail
rPois    .         Reflect  .   (helmet restricted)
rElec    .         Harm     .   (no cloak)
rCorr    .         Rampage  .   m - +0 pair of gloves
Will     .....                  (no boots)
Stlth    ..........             (no amulet)
HPRegen  0.17/turn              (no ring)
MPRegen  0.09/turn              (no ring)

@: lethally poisoned (0 -> -2), very slow
A: horns 2, retaliatory headbutt
a: Renounce Religion, Bend Time


You were on level 7 of the Dungeon.
You worshipped Cheibriados.
Cheibriados was pleased with you.
You visited 1 branch of the dungeon, and saw 6 of its levels.

You collected 115 gold pieces.

Inventory:

Hand Weapons
 a - a +0 war axe (weapon)
 b - a +0 hunting sling
 e - a +0 dagger
Missiles
 f - 14 arrows
 l - 20 sling bullets
 n - 26 bolts
Armour
 c - a +0 kite shield (worn)
 i - a +0 scale mail (worn)
 m - a +0 pair of gloves (worn)
Wands
 p - a wand of flame (8)
Scrolls
 g - a scroll of teleportation
 j - a scroll of fog
 k - a scroll of silence
Potions
 d - a potion of might


   Skills:
 + Level 4.5 Fighting
 + Level 5.2 Axes
 + Level 2.2 Slings
 + Level 5.1 Armour
 + Level 1.2 Dodging
 + Level 0.2 Stealth
 + Level 5.6 Shields


You had 5 spell levels left.
You didn't know any spells.
Your spell library contained the following spells:

 Spells                   Type           Power      Damage    Failure   Level
 Slow                     Hex            0%         N/A       99%         2
 Confusing Touch          Hex            0%         N/A       100%        3
 Vampiric Draining        Necr           0%         2d6       100%        3


Dungeon Overview and Level Annotations

Branches:
Dungeon (7/15)
 Temple: D:4-7

Altars:
Cheibriados

Shops:
D:2 :


Innate Abilities, Weirdness & Mutations

You have a pair of horns on your head.
You reflexively headbutt those who attack you in melee.


Message History

* * * LOW HITPOINT WARNING * * *
You feel very sick. The water moccasin closely misses you.
You block the water moccasin's attack.
Okay, then.
Okay, then.
The flow of time bends around you.
The water moccasin resists with some effort.
* * * LOW HITPOINT WARNING * * *
You feel sick. The water moccasin barely misses you. You furiously retaliate!
You headbutt the water moccasin!
You kill the water moccasin!
Cheibriados thoroughly appreciates the change of pace.
Your Axes skill increases to level 5!
Your Slings skill increases to level 2!
Your Armour skill increases to level 5!
There is a lethal amount of poison in your body!
As you read the scroll labelled BORUEM JAETIFF, it crumbles to dust.
The scroll dissolves into smoke.
It was a scroll of fog.
* * * LOW HITPOINT WARNING * * *
You feel sick.
As you read the scroll labelled QAXAYP CEFES, it crumbles to dust.
It is a scroll of identify.
k - a scroll of silence
* * * LOW HITPOINT WARNING * * *
You feel sick.
As you read the scroll of identify, it crumbles to dust.
g - a scroll of teleportation
* * * LOW HITPOINT WARNING * * *
You feel sick.
Okay, then.
Okay, then.
Blink to where?
Press: ? - help, Dir - move target
As you read the scroll labelled POTHUIS TUHAS, it crumbles to dust.
It was a scroll of blinking.
* * * LOW HITPOINT WARNING * * *
You feel sick.
* * * LOW HITPOINT WARNING * * *
You feel sick.
Found a fizzy puce potion.
You die...

#.# #.#
#!# #.#
#.# #.#
#§# #@#
#§# #§#
#####§#
#..§§<#
#.#####


There were no monsters in sight!

Vanquished Creatures
  A water moccasin (D:7)
  2 bullfrogs
  A jelly (D:6)
  2 orc priests (D:3)
  An orc wizard (D:6)
  3 adders
  A worm (D:2)
  3 dart slugs
  9 orcs
  2 endoplasms (D:1)
  2 giant cockroaches (D:2)
  5 goblins
  10 hobgoblins
  10 jackals (D:1)
  2 quokkas
  4 ball pythons
  3 bats
  5 frilled lizards
  4 kobolds
  8 rats
78 creatures vanquished.

Notes
Turn   | Place    | Note
-------+----------+-------------------------------------------
     0 | D:1      | Iepvzaeh the Minotaur Fighter began the quest for the Orb.
     0 | D:1      | Reached XP level 1. HP: 19/19 MP: 0/0
   218 | D:1      | Reached XP level 2. HP: 21/27 MP: 1/1
   443 | D:1      | Reached XP level 3. HP: 32/33 MP: 2/2
  1132 | D:2      | Found Rysoyrar's Book Shoppe.
  1323 | D:2      | Reached XP level 4. HP: 28/40 MP: 3/3
  1375 | D:2      | Found a faded altar of an unknown god.
  1398 | D:2      | Became a worshipper of Cheibriados the Contemplative
  1398 | D:2      | Reached * piety under Cheibriados
  1763 | D:3      | Reached skill level 1 in Slings
  2004 | D:3      | Reached XP level 5. HP: 46/46 MP: 4/4
  2036 | D:3      | Reached ** piety under Cheibriados
  2043 | D:3      | Reached skill level 5 in Shields
  2090 | D:3      | You fall into a shaft and drop 3 floors!
  2098 | D:6      | Noticed a water moccasin
  2104 | D:6      | Reached XP level 6. HP: 43/53 MP: 5/5
  2119 | D:7      | Reached skill level 1 in Dodging
  2122 | D:7      | Killed a water moccasin
  2123 | D:7      | Reached skill level 5 in Axes
  2123 | D:7      | Reached skill level 5 in Armour
  2125 | D:7      | HP: 2/53 [poisoned by a water moccasin]
  2128 | D:7      | Succumbed to a water moccasin's poison

Illustrated notes

Levels and vault maps discovered:
D:1:      dpeg_arrival_renting, layout_rooms
D:2:      layout_loops_cross, serial_shops, nicolae_shop_crystal,
          hellmonk_ecumenical_altar_inner_sanctum, kennysheep_path_1
D:3:      layout_basic, led_xom_imps, mainiacjoe_overflow_swirl,
          kennysheep_small_spiral
D:4:      layout_basic, uniq_sigmund, uniq_menkaure
D:6:      minmay_flawed_box, layout_basic, serial_shops, shop, shop_statue,
          minivault_25, minmay_diced_spiral, uniq_prince_ribbit1, uniq_pikel,
          uniq_duvessa, uniq_maggie
D:7:      layout_loops_ring, minmay_temple_entry_mist

Skill      XL: |  1  2  3  4  5  6 |
---------------+-------------------+-----
Shields        | 4 5 |  5.6
Axes           | 3 4 5 |  5.2
Fighting       | 4 |  4.5
Slings         | 1 2 |  2.2
Armour         | 4 5 |  5.1
Dodging        | 1 |  1.2
Stealth        | |  0.2

Action                   |  1- 3 |  4- 6 || total
-------------------------+-------+-------++-------
Melee: War axe           |   111 |    45 ||   156
       Headbutt          |     5 |     8 ||    13
 Fire: Hunting sling     |    14 |    10 ||    24
Invok: Bend Time         |       |     1 ||     1
  Use: Scroll            |       |     4 ||     4
Armor: Scale mail        |    57 |    17 ||    74
Dodge: Dodged            |    33 |    18 ||    51
Block: Kite shield       |    70 |    30 ||   100
